 Dungeon Crawl Stone Soup version 0.29-a0-464-g50448035db (webtiles) character file.

Game seed: 11722859925989219981

299 Bruhh the Ogre Mage (level 6, -4/79 HPs)
             Began as an Ogre Earth Elementalist on May 21, 2022.
             Slain by Blork the orc
             ... wielding a +2 flail of protection
              (8 damage)
             ... on level 4 of the Dungeon.
             The game lasted 00:06:43 (4156 turns).

Bruhh the Ogre Mage (Ogre Earth Elementalist)       Turns: 4156, Time: 00:06:44

Health: -4/79      AC: 23    Str: 13    XL:     6   Next: 36%
Magic:  5/13       EV:  1    Int: 18    God:
Gold:   128        SH:  0    Dex:  9    Spells: 14/15 levels left

rFire   . . .      SeeInvis .   u - +5 dagger (freeze)
rCold   . . .      Faith    .   (no shield)
rNeg    . . .      Spirit   .   (body armour currently unavailable)
rPois   +          Reflect  .   (helmet currently unavailable)
rElec   .          Harm     .   (cloak currently unavailable)
rCorr   .          Rampage  .   (gloves unavailable)
Will    .....      NoTele   +   (boots unavailable)
Stlth   +.........              (no amulet)
HPRegen 0.23/turn               (no ring)
MPRegen 0.13/turn               (no ring)

@: tree-form, very slightly contaminated
A: stationary, stasis, torment immunity, boosted hp, large, unfitting armour,
(tough skin 1)
a: no special abilities


You were on level 4 of the Dungeon.
You were a tree.
You visited 1 branch of the dungeon, and saw 4 of its levels.

You collected 128 gold pieces.

Inventory:

Hand Weapons
 e - a +2 short sword of holy wrath
 u - a +5 dagger of freezing (weapon)
Missiles
 a - 13 stones
Armour
 b - a +0 robe
 p - a +1 robe of cold resistance (melded)
Jewellery
 c - an amulet of regeneration
 s - a ring of wizardry
Scrolls
 f - a scroll of silence {unknown}
 k - a scroll of vulnerability {unknown}
 l - a scroll of amnesia {unknown}
 o - 5 scrolls of identify {unknown}
 t - a scroll of blinking {unknown}
 v - a scroll of teleportation {unknown}
Potions
 d - a potion of cancellation {unknown}
 g - 2 potions of lignification {unknown}
 h - a potion of heal wounds {unknown}
 i - 2 potions of attraction {unknown}
 j - a potion of curing {unknown}
 m - 3 potions of degeneration {unknown}
 n - 2 potions of mutation {unknown}
 q - 3 potions of flight {unknown}
 r - a potion of berserk rage {unknown}


   Skills:
 - Level 1.7 Dodging
 - Level 1.4 Stealth
 - Level 5.1 Spellcasting
 + Level 0.2 Conjurations
 - Level 0.8 Transmutations
 - Level 5.0 Earth Magic


You had 14 spell levels left.
You knew the following spells:

 Your Spells              Type           Power      Damage    Failure   Level
a - Sandblast             Erth           44%        2d11      1%          1

Your spell library contained the following spells:

 Spells                   Type           Power      Damage    Failure   Level
 Passwall                 Tmut/Erth      12%        N/A       6%          2
 Sting                    Tmut/Pois      24%        1d4       11%         1
 Stone Arrow              Conj/Erth      28%        3d8       14%         3
 Poisonous Vapours        Pois/Air       8%         N/A       21%         2
 Frozen Ramparts          Ice            8%         1d2       36%         3
 Petrify                  Tmut/Erth      15%        N/A       36%         4
 Ice Form                 Ice/Tmut       6%         N/A       73%         4
 Olgreb's Toxic Radiance  Pois           4%         N/A       78%         4
 Summon Ice Beast         Ice/Summ       4%         N/A       78%         4


Dungeon Overview and Level Annotations

Branches:
Dungeon (4/15)
 Temple: D:4-7

Altars:
Fedhas
Yredelemnul

Annotations:
D:2 Sigmund
D:4 Blork the orc


Innate Abilities, Weirdness & Mutations

You are a tree.
Your roots penetrate the ground, keeping you stationary.
You cannot be teleported.
You are immune to unholy pain and torment.
Your maximum health is greatly increased.
Your equipment is partially melded.
You are too large for most types of armour.
((You have tough skin. (AC +1)))


Message History

The ufetubus barely misses you.
Blork the orc screams, "Die!"
Blork the orc completely misses you.
Unknown command.
Casting: Sandblast (safe; 1% risk of failure)
Confirm with . or Enter, or press ? or * to list all spells.
Aiming: Sandblast (safe; 1% risk of failure)
Press: ? - help, Shift-Dir - straight line, f/p - Blork the orc
Aim: Blork the orc, wielding a +2 flail of protection, wearing a +0 robe and carrying a wand of polymorph (8) (almost dead, fast, 83% to hit)
You miscast Sandblast.
You are very lightly contaminated with residual magic.
Nothing appears to happen.
The ufetubus barely misses you.
The ufetubus hits you but does no damage.
Blork the orc hits you with a +2 flail of protection.
* * * LOW HITPOINT WARNING * * *
The ufetubus closely misses you.
The ufetubus hits you but does no damage.
Blork the orc closely misses you.
Casting: Sandblast (safe; 1% risk of failure)
Confirm with . or Enter, or press ? or * to list all spells.
Aiming: Sandblast (safe; 1% risk of failure)
Press: ? - help, Shift-Dir - straight line, f/p - Blork the orc
Aim: Blork the orc, wielding a +2 flail of protection, wearing a +0 robe and carrying a wand of polymorph (8) (almost dead, fast, 83% to hit)
The blast of sand misses Blork the orc.
The ufetubus hits you.
* * * LOW HITPOINT WARNING * * *
The ufetubus closely misses you.
Blork the orc zaps a wand.
You turn into a tree.
Your +1 robe of cold resistance melds into your body.
You feel less resistant to cold.
Your roots penetrate the ground.
Casting: Sandblast (safe; 1% risk of failure)
Confirm with . or Enter, or press ? or * to list all spells.
Aiming: Sandblast (safe; 1% risk of failure)
Press: ? - help, Shift-Dir - straight line, f/p - Blork the orc
Aim: Blork the orc, wielding a +2 flail of protection, wearing a +0 robe and carrying a wand of polymorph (7) (almost dead, fast, 83% to hit)
The blast of sand hits Blork the orc but does no damage.
Blork the orc is almost dead.
The ufetubus hits you but does no damage.
The ufetubus barely misses you.
Blork the orc hits you with a +2 flail of protection!
You die...

.....#.....##
............##
..............#
...............#
...............#
...............#
#.$......5o....#
#.......♣.....#
##...........##
#...........##
######.######
#########.)#
#......##..##
######..#...#
##...#.##
##.....#


You could see Blork the orc (fast) and an ufetubus.

Vanquished Creatures
  An ogre (D:4)
  A scorpion (D:4)
  A hound (D:4)
  An orc wizard (D:4)
  3 adders
  A dart slug (D:4)
  8 orcs
  6 endoplasms
  4 giant cockroaches
  6 goblins
  8 hobgoblins
  2 jackals (D:2)
  2 quokkas (D:1)
  2 ball pythons
  3 bats
  3 frilled lizards
  5 kobolds
  4 rats
61 creatures vanquished.

Notes
Turn   | Place    | Note
-------+----------+-------------------------------------------
     0 | D:1      | Bruhh the Ogre Earth Elementalist began the quest for the
                  | Orb.
     0 | D:1      | Reached XP level 1. HP: 16/16 MP: 3/3
   150 | D:1      | Reached XP level 2. HP: 9/24 MP: 2/5
   405 | D:1      | You fall into a shaft and drop 1 floor!
   521 | D:2      | Noticed Sigmund
  1501 | D:2      | Reached XP level 3. HP: 17/31 MP: 0/7
  2835 | D:3      | Reached XP level 4. HP: 33/39 MP: 7/9
  3269 | D:3      | Found a blossoming altar of Fedhas.
  3392 | D:4      | Found a basalt altar of Yredelemnul.
  3519 | D:4      | Noticed an ogre
  3531 | D:4      | Killed an ogre
  3532 | D:4      | Reached XP level 5. HP: 23/45 MP: 7/12
  3719 | D:4      | Reached skill level 5 in Spellcasting
  3719 | D:4      | Reached XP level 6. HP: 33/53 MP: 7/13
  4046 | D:4      | Reached skill level 5 in Earth Magic
  4143 | D:4      | Noticed Blork the orc
  4156 | D:4      | Slain by Blork the orc

Illustrated notes

Levels and vault maps discovered:
D:1:      dpeg_arrival_rhombi, layout_loops_ring, minivault_24, minmay_cut_off
D:2:      layout_basic, uniq_sigmund
D:3:      layout_basic, fedhas_altar_4
D:4:      minmay_inner_zag, layout_rooms, lemuel_crystal_altar,
          uniq_blork_the_orc

Skill      XL: |  1  2  3  4  5  6 |
---------------+-------------------+-----
Earth Magic    | 3 4 5 |  5.0
Spellcasting   | 3 4 5 |  5.1
Dodging        | |  1.7
Stealth        | |  1.4
Conjurations   | |  0.2
Transmutations | |  0.8

Action                   |  1- 3 |  4- 6 || total
-------------------------+-------+-------++-------
Melee: Unarmed           |    13 |       ||    13
       Short sword       |    19 |     1 ||    20
 Cast: Sandblast         |    52 |    52 ||   104
  Use: Potion            |     1 |       ||     1
Armor: Robe              |    15 |    20 ||    35
       Skin              |       |     1 ||     1
Dodge: Dodged            |    26 |    25 ||    51

Table legend: (Time is in decaauts)
 A = Elapsed time spent in this place.
 B = Non-inter-level travel time spent in this place.
 C = Inter-level travel time spent in this place.
 D = Time resting spent in this place.
 E = Time spent auto-exploring this place.
 F = Levels seen in this place.
 G = Mean time per level.
                   A        B        C        D        E       F      G
               +--------+--------+--------+--------+--------+-----+--------+
         Total |   4155 |   4081 |     74 |      0 |   3622 |   4 | 1038.8 |
       Dungeon |   4155 |   4081 |     74 |      0 |   3622 |   4 | 1038.8 |
               +--------+--------+--------+--------+--------+-----+--------+

Top non-repeatable levels by time:
     D:2: 1520 daAuts
     D:1: 1268 daAuts
     D:4: 763 daAuts
     D:3: 602 daAuts
